 Dungeon Crawl Stone Soup version 0.22-a0-482-g76e0a5f (webtiles) character file.

17233 stealthycow the Basher (level 12, 0/78 HPs)
             Began as a Gargoyle Berserker on June 17, 2018.
             Was a High Priest of Trog.
             Slain by a killer bee (4 damage)
             ... summoned by a boggart
             ... on level 13 of the Dungeon.
             The game lasted 00:43:51 (15324 turns).

stealthycow the Basher (Gargoyle Berserker)        Turns: 15324, Time: 00:43:51

Health: 0/78       AC: 30    Str: 24    XL:     12   Next: 45%
Magic:  0/12       EV: 10    Int:  8    God:    Trog [*****.]
Gold:   629        SH:  0    Dex: 11    Spells: 11/11 levels left

rFire    . . .     SeeInvis .   B - +0 dire flail
rCold    + . .     Gourm    .   (shield currently unavailable)
rNeg     + + .     Faith    .   g - +3 plate armour of Poor Excuses {rC+}
rPois    ∞         Spirit   +   (no helmet)
rElec    +         Reflect  .   t - +0 cloak
rCorr    .         Harm     .   E - +1 pair of gloves
MR       .....                  (no boots)
Stlth    ..........             D - amulet "Dyerieh" {Spirit rElec rPois}
HPRegen  0.23/turn              e - ring of positive energy
MPRegen  0.13/turn              (no ring)

@: berserk cooldown, slowed, very slow
A: negative energy resistance 1, electricity resistance, unbreathing,
petrification resistance, rot immunity, AC +8
a: Berserk, Trog's Hand, Brothers in Arms, Renounce Religion


You were on level 13 of the Dungeon.
You worshipped Trog.
Trog was extremely pleased with you.
You were not hungry.

You visited 2 branches of the dungeon, and saw 14 of its levels.
You also visited: Bailey.

You collected 629 gold pieces.

Inventory:

Hand Weapons
 B - a +0 dire flail (weapon)
 H - a +0 morningstar
Missiles
 f - 31 tomahawks of returning (quivered)
Armour
 g - the +3 plate armour of Poor Excuses (worn) {rC+}
   (You found it on level 8 of the Dungeon)

   It protects you from cold.
 t - a +0 cloak (worn)
 u - a +0 buckler
 E - a +1 pair of gloves (worn)
Jewellery
 e - a ring of positive energy (left hand)
 D - the amulet "Dyerieh" (around neck) {Spirit rElec rPois}
   (You found it on level 8 of the Dungeon)

   [amulet of guardian spirit]

   It causes incoming damage to be split between your health and magic.
   It insulates you from electricity.
   It protects you from poison.
Wands
 a - a wand of enslavement (6)
 w - a wand of paralysis (18)
 C - a wand of acid (16)
 F - a wand of iceblast (18)
Scrolls
 j - 6 scrolls of remove curse
 l - a scroll of magic mapping
 n - 7 scrolls of blinking
 q - 4 scrolls of identify
 y - 5 scrolls of teleportation
 A - 2 scrolls of enchant weapon {unknown}
 G - a scroll of immolation
 I - a scroll of fear
 K - a scroll of acquirement {unknown}
 N - a scroll of enchant armour
Potions
 b - a potion of flight
 d - a potion of mutation {unknown}
 h - 7 potions of curing
 i - 3 potions of agility
 k - a potion of lignification {unknown}
 m - a potion of might {unknown}
 o - 3 potions of haste
 p - a potion of cancellation {unknown}
 r - 2 potions of brilliance {unknown}
 s - a potion of magic {unknown}
 v - a potion of resistance
 x - 2 potions of ambrosia
 z - a potion of invisibility
 J - a potion of degeneration {unknown}
 L - a potion of experience {unknown}
Comestibles
 c - 15 rations


   Skills:
 + Level 10.4 Fighting
 * Level 12.8 Maces & Flails
 + Level 10.1 Armour
 + Level 7.8 Dodging


You had 11 spell levels left.
You didn't know any spells.
Your spell library was empty.

Dungeon Overview and Level Annotations

Branches:
Dungeon (13/15)            Temple (0/1) D:5            Lair (0/6) D:9
    Orc (1/2) D:11
 Vaults: D:13-14

Altars:
Nemelex Xobeh
Sif Muna
Xom
Yredelemnul

Shops:
D:4 [[!   D:5 (

Portals:
Trove: D:12 (give 22 scrolls of identify)

Annotations:
D:4 exclusion: door


Innate Abilities, Weirdness & Mutations

You are resistant to torment.
Your stone body is resilient. (AC +8)
You are immune to poison.
You resist negative energy. (rN+)
You are resistant to electric shocks. (rElec)
You can survive without breathing.
You are immune to petrification.
You are immune to rotting.


Message History

The cyclops hits you but does no damage.
The killer bee barely misses you.
The six-headed hydra closely misses you.
The six-headed hydra bites you but does no damage.
The six-headed hydra bites you.
* * * LOW HITPOINT WARNING * * *
The six-headed hydra bites you but does no damage. x2
The six-headed hydra bites you.
* * * LOW HITPOINT WARNING * * *
Something hits you but does no damage.
You closely miss the killer bee. The killer bee barely misses you.
The killer bee stings you but does no damage.
The wizard hits you but does no damage. Something hits you but does no damage.
The hippogriff closely misses you.
The hippogriff pecks you but does no damage.
The hippogriff claws you but does no damage.
The killer bee stings you but does no damage.
The eye of draining gazes at you. The killer bee stings you.
You die...

#############
#.....y.....#
+...HCy{....#
#...yp@{....#
#...yDyH$...#
#...yZa....?#
#####G#######
#.h# #.## ##.#
#..#
####.#########


You could see a six-headed hydra, a cyclops, 2 hippogriffs, a wizard, an eye of
draining, a black bear, a worker ant, 6 killer bees and a centaur warrior
skeleton.

Vanquished Creatures
  An orc warlord (Bailey)
  A hydra (D:8)
  4 two-headed ogres
  An ugly thing (D:12)
  2 cyclopes
  The ghost of arthad the Quickloader, a novice KoHu (D:5)
  A centaur zombie (D:10)
  Psyche (D:11)
  A gargoyle (D:12)
  3 trolls
  3 hippogriffs
  2 dream sheep (D:8)
  6 yaks
  2 wyverns (D:9)
  3 wraiths
  Grum (D:10)
  2 hungry ghosts
  4 porcupines (D:9)
  7 orc warriors
  2 ice beasts
  A black bear (D:10)
  A hornet zombie (D:12)
  An eye of draining (D:8)
  2 wolves (D:10)
  3 ogres
  3 sky beasts
  A necrophage (D:9)
  11 centaurs
  A phantom (D:5)
  A boggart (D:13)
  A crocodile (D:10)
  2 big kobolds (D:8)
  7 bullfrogs
  An elf zombie (D:9)
  A gnoll sergeant (D:3)
  5 scorpions
  A wight (D:9)
  5 howler monkeys
  5 crimson imps
  A bullfrog zombie (D:5)
  2 hounds
  2 centaur skeletons
  4 jellies
  2 human zombies (D:9)
  7 orc priests
  7 orc wizards
  A bullfrog skeleton (D:10)
  4 gnoll shamans (D:3)
  6 iguanas
  5 worker ants
  A human skeleton (D:9)
  2 killer bee zombies
  2 hound zombies
  3 mummies (D:9)
  A howler monkey zombie (D:9)
  2 worker ant zombies
  31 gnolls
  12 adders
  3 shadow imps
  2 oozes
  2 adder skeletons
  4 worms
  6 dart slugs
  10 leopard geckos
  43 orcs
  4 giant cockroaches
  16 goblins
  12 hobgoblins
  20 jackals
  7 quokkas
  A ball python (D:2)
  5 bats
  4 frilled lizards
  A jackal skeleton (D:3)
  29 kobolds
  A leopard gecko zombie (D:6)
  2 orc zombies (D:9)
  A quokka skeleton (D:7)
  8 rats
  2 fungi (D:9)
  2 plants (D:9)
381 creatures vanquished.

Vanquished Creatures (others)
  13 fungi (D:9)
  A plant (D:9)
14 creatures vanquished.

Grand Total: 395 creatures vanquished

Notes
Turn   | Place    | Note
-------+----------+-------------------------------------------
     0 | D:1      | stealthycow the Gargoyle Berserker began the quest for the Orb.
     0 | D:1      | Reached XP level 1. HP: 14/14 MP: 1/1
   207 | D:1      | Reached XP level 2. HP: 18/19 MP: 2/2
   643 | D:1      | Reached XP level 3. HP: 23/23 MP: 3/3
   737 | D:1      | Reached ** piety under Trog
  1234 | D:2      | Reached XP level 4. HP: 29/29 MP: 4/4
  1724 | D:3      | Reached skill level 4 in Maces & Flails
  1819 | D:3      | Reached *** piety under Trog
  1850 | D:3      | Reached XP level 5. HP: 17/33 MP: 5/5
  2755 | D:3      | Reached XP level 6. HP: 17/38 MP: 6/6
  3367 | D:3      | Reached skill level 5 in Maces & Flails
  3468 | D:3      | Reached **** piety under Trog
  3488 | D:3      | Reached XP level 7. HP: 24/44 MP: 7/7
  4148 | D:4      | Reached skill level 5 in Fighting
  4415 | D:4      | Reached skill level 6 in Maces & Flails
  4716 | D:4      | Reached XP level 8. HP: 49/49 MP: 8/8
  4769 | D:4      | Found a deep blue altar of Sif Muna.
  4825 | D:4      | Found Resemm's Armour Emporium.
  4927 | D:4      | Found Esut's Armour Boutique.
  4980 | D:4      | Found Ugeepit's Distillery.
  5228 | D:5      | Entered Level 5 of the Dungeon
  5381 | D:5      | Reached skill level 5 in Armour
  5822 | D:5      | Reached skill level 7 in Maces & Flails
  5971 | D:5      | Found Nimuzoq's Antique Weapon Shoppe.
  6013 | D:5      | Found a staircase to the Ecumenical Temple.
  6052 | D:5      | Found a sparkling altar of Nemelex Xobeh.
  6182 | D:5      | Noticed arthad's ghost (novice KoHu)
  6200 | D:5      | Killed arthad's ghost
  6200 | D:5      | Reached XP level 9. HP: 55/55 MP: 9/9
  6801 | D:6      | Reached skill level 8 in Maces & Flails
  7847 | D:7      | Noticed a troll
  7864 | D:7      | Killed a troll
  8400 | D:7      | Reached skill level 5 in Dodging
  8547 | D:7      | Reached skill level 9 in Maces & Flails
  8715 | D:7      | Reached ***** piety under Trog
  9162 | D:8      | Got a heavy robe
  9170 | D:8      | Noticed a two-headed ogre
  9183 | D:8      | Killed a two-headed ogre
  9183 | D:8      | Reached XP level 10. HP: 26/64 MP: 10/10
  9578 | D:8      | Noticed a three-headed hydra
  9616 | D:8      | Killed a three-headed hydra
  9616 | D:8      | Reached skill level 10 in Maces & Flails
 10009 | D:8      | Noticed a two-headed ogre
 10018 | D:8      | Killed a two-headed ogre
 10106 | D:8      | Found a shimmering altar of Xom.
 10107 | D:8      | Found a shimmering altar of Xom.
 10108 | D:8      | Found a shimmering altar of Xom.
 10108 | D:8      | Found a shimmering altar of Xom.
 10108 | D:8      | Found a shimmering altar of Xom.
 10108 | D:8      | Found a shimmering altar of Xom.
 10110 | D:8      | Found a shimmering altar of Xom.
 10111 | D:8      | Found a shimmering altar of Xom.
 10122 | D:8      | Found a shimmering altar of Xom.
 10125 | D:8      | Got a jewelled plate armour
 10129 | D:8      | Got a clouded crystal amulet
 10183 | D:8      | Identified the amulet "Dyerieh" {Spirit rElec rPois} (You found it on level 8 of the Dungeon)
 10223 | D:8      | Identified the +3 plate armour of Poor Excuses {rC+} (You found it on level 8 of the Dungeon)
 10639 | D:8      | Noticed a moth of wrath
 10662 | D:9      | Reached XP level 11. HP: 69/69 MP: 11/11
 10691 | D:9      | Found a staircase to the Lair.
 10809 | D:9      | Reached skill level 11 in Maces & Flails
 11207 | D:9      | Found a sparkling altar of Nemelex Xobeh.
 11463 | D:9      | Found a basalt altar of Yredelemnul.
 11664 | D:10     | Entered Level 10 of the Dungeon
 11847 | D:10     | Noticed a cyclops
 11852 | D:10     | Killed a cyclops
 11860 | D:10     | Received a gift from Trog
 12104 | D:10     | Noticed Grum
 12131 | D:10     | Killed Grum
 12645 | D:11     | Noticed Psyche
 12649 | D:11     | Noticed a two-headed ogre
 12655 | D:11     | Killed Psyche
 12658 | D:11     | Noticed a two-headed ogre
 12696 | D:11     | Killed a two-headed ogre
 12700 | D:11     | Killed a two-headed ogre
 12700 | D:11     | Reached skill level 12 in Maces & Flails
 13062 | D:11     | Found a staircase to the Orcish Mines.
 13476 | Orc:1    | Entered Level 1 of the Orcish Mines
 13504 | D:12     | Reached XP level 12. HP: 69/77 MP: 10/12
 13641 | D:12     | Reached skill level 10 in Fighting
 13812 | D:12     | Found a portal to a secret trove of treasure.
 13980 | D:12     | Found a flagged portal.
 13987 | Bailey   | Entered a bailey
 14003 | Bailey   | Noticed an orc warlord
 14323 | Bailey   | Found a runed gate.
 14323 | Bailey   | Found a runed gate.
 14332 | Bailey   | Found a runed gate.
 14358 | Bailey   | Reached skill level 10 in Armour
 14554 | Bailey   | Killed an orc warlord
 14627 | Bailey   | Identified the Incunabulum of Shifting Venom
 15300 | D:13     | Noticed a six-headed hydra
 15324 | D:13     | Slain by a killer bee

Vault maps used:
D:1:      dpeg_arrival_three_bigger_balls, hex_medium
D:2:      first_ration, minmay_tetromino_o4
D:3:      lemuel_castle_with_subvaults
D:4:      serial_shops, shop_statue, nicolae_shop_waterfront, shop,
          minmay_item_behind_shaft, led_sif_book
D:5:      temple_green, serial_shops, shop, amethyst_killhole,
          hangedman_abyss_or_decor_stabs, kennysheep_another_room,
          minmay_splitting_lines, nemelex_altar_shiori
D:6:      grunt_ministairs_9
D:8:      xom_shifter_show, hangedman_ranch
D:9:      due_lair_maze_entry_diamond, basic_altar,
          lemuel_mausoleum_altar_yredelemnul
D:10:     hangedman_decor_slide_cut, uniq_grum
D:11:     orc_0_dummy, uniq_psyche
D:12:     enter_bailey_3, enter_trove_0
Orc:1:    orc_temple, serial_shops, nicolae_shop_trees
Bailey:   bailey_axe_bossmonster_kennysheep, bailey

Skill      XL: |  1  2  3  4  5  6  7  8  9 10 11 12 |
---------------+-------------------------------------+-----
Dodging        | 2 3 4 5 6 7 |  7.8
Maces & Flails | 4 5 6 7 9 10 12 | 12.8
Armour         | 3 4 5 7 8 9 10 | 10.1
Fighting       | 4 5 6 7 8 9 10 | 10.4

Action                   |  1- 3 |  4- 6 |  7- 9 | 10-12 || total
-------------------------+-------+-------+-------+-------++-------
Melee: Mace              |   107 |   310 |     5 |       ||   422
       Flail             |       |       |   501 |    21 ||   522
       Unarmed           |       |       |       |   185 ||   185
       Dire flail        |       |       |       |   690 ||   690
Throw: Javelin           |       |       |     7 |     8 ||    15
       Tomahawk          |       |       |       |    14 ||    14
Invok: Berserk           |       |     3 |     7 |    17 ||    27
       Trog's Hand       |       |       |     1 |     3 ||     4
  Use: Scroll            |       |       |     7 |     9 ||    16
  Eat: Chunk             |     1 |     7 |    15 |    24 ||    47
       Ration            |       |     1 |     3 |     6 ||    10
Armor: Animal skin       |     5 |       |       |       ||     5
       Ring mail         |    43 |   164 |   116 |       ||   323
       Scale mail        |       |       |   196 |   126 ||   322
       Plate armour      |       |       |       |   568 ||   568
Dodge: Dodged            |    67 |   251 |   339 |   497 ||  1154
Block: Buckler           |       |       |    54 |    19 ||    73

Table legend:
 A = Spawn XP
 B = Non-spawn XP
 C = Spawn XP percentage of total XP
 D = Spawn monster count
 E = Non-spawn monster count
 F = Spawn count percentage of total count
 G = Total turns spent on level
                    A         B        C        D         E        F      G
               +---------+---------+-------+---------+---------+-------+---------
         Total |       0 |   24619 |   0.0 |       0 |     377 |   0.0 | 15324
               +---------+---------+-------+---------+---------+-------+---------
           D:1 |       0 |      44 |   0.0 |       0 |      24 |   0.0 |   884
           D:2 |       0 |      69 |   0.0 |       0 |      30 |   0.0 |  1417
           D:3 |       0 |     727 |   0.0 |       0 |      71 |   0.0 |  1833
           D:4 |       0 |     391 |   0.0 |       0 |      15 |   0.0 |  1094
           D:5 |       0 |    1425 |   0.0 |       0 |      35 |   0.0 |  1516
           D:6 |       0 |     719 |   0.0 |       0 |      18 |   0.0 |  1341
           D:7 |       0 |     855 |   0.0 |       0 |      25 |   0.0 |  1134
           D:8 |       0 |    4918 |   0.0 |       0 |      33 |   0.0 |  1426
           D:9 |       0 |    2696 |   0.0 |       0 |      35 |   0.0 |  1019
          D:10 |       0 |    2904 |   0.0 |       0 |      25 |   0.0 |   967
          D:11 |       0 |    3389 |   0.0 |       0 |      13 |   0.0 |   856
          D:12 |       0 |    3685 |   0.0 |       0 |      27 |   0.0 |   929
          D:13 |       0 |     634 |   0.0 |       0 |       2 |   0.0 |   238
        Bailey |       0 |    2163 |   0.0 |       0 |      24 |   0.0 |   668
               +---------+---------+-------+---------+---------+-------+---------
